 Dungeon Crawl Stone Soup version 0.30-a0-860-g512cf1e979 (webtiles) character file.

Game seed: 6912906316378623765

88 M4edhros the Insei (level 4, -2/31 HPs)
             Began as an Octopode Monk on Mar 7, 2023.
             Killed from afar by an orc wizard (9 damage)
             ... with a puff of flame
             ... on level 3 of the Dungeon.
             The game lasted 00:01:41 (1485 turns).

M4edhros the Insei (Octopode Monk)                  Turns: 1485, Time: 00:01:41

Health: -2/31      AC:  1    Str: 10    XL:     4   Next: 54%
Magic:  4/4        EV: 14    Int: 12    God:
Gold:   44         SH:  0    Dex: 16    Spells: 3/3 levels left

rFire   . . .      SeeInvis .      - Unarmed
rCold   . . .      Faith    .    l - orb {mayhem}
rNeg    . . .      Spirit   .    (helmet restricted)
rPois   .          Reflect  .    (no amulet)
rElec   .          Rampage  .    (no ring)
rCorr   .                        (no ring)
Will    .....                    (no ring)
Stlth   +++                      (no ring)
HPRegen 0.25/turn                (no ring)
MPRegen 0.09/turn                (no ring)
                                 (no ring)
                                 (no ring)

@: brilliant, flying
A: almost no armour, amphibious, 8 rings, camouflage 1, gelatinous body 1,
(nimble swimmer 1), tentacles
a: no special abilities


You were on level 3 of the Dungeon.
You visited 1 branch of the dungeon, and saw 3 of its levels.

You collected 80 gold pieces.
You spent 36 gold pieces at shops.

Inventory:

Armour
 l - an orb of mayhem (worn)
Jewellery
 c - a ring of positive energy
Wands
 e - a wand of paralysis (4)
 p - a wand of flame (15)
Scrolls
 b - 2 scrolls of silence {unknown}
 d - 5 scrolls of teleportation
 f - 4 scrolls of identify {unknown}
 h - a scroll of brand weapon {unknown}
 i - a scroll of magic mapping {unknown}
 k - a scroll of blinking {unknown}
 o - a scroll of noise {unknown}
Potions
 a - a potion of ambrosia
 j - a potion of flight
 m - 2 potions of brilliance


   Skills:
 - Level 3.0 Fighting
 - Level 3.0 Dodging
 - Level 2.6 Stealth
 + Level 5.2 Unarmed Combat


You had 3 spell levels left.
You didn't know any spells.
Your spell library contained the following spells:

 Spells                   Type           Power      Damage    Failure   Level
 Cigotuvi's Dreadful Rot  Necr/Pois/Air  0%         N/A       45%         2
 Dispel Undead            Necr           0%         3d6       97%         4
 Death Channel            Necr           0%         N/A       100%        6


Dungeon Overview and Level Annotations

Branches:
Dungeon (3/15)

Altars:

Shops:
D:2 *


Innate Abilities, Weirdness & Mutations

You cannot wear most types of armour.
You are amphibious.
You can wear up to eight rings at the same time.
Your skin changes colour to match your surroundings (Stealth+).
Your rubbery body absorbs attacks. (AC +1, EV +1)
((You are camouflaged when in or above water. (Stealth+)))
You have tentacles for arms and can constrict up to eight enemies at once.


Message History

You are too confused!
You miss the orc. Your squeeze misses the orc. You constrict the orc wizard.
The orc hits you with a +0 short sword.
The orc wizard hits you with a +0 dagger.
You bump into the rock wall.
You constrict the orc wizard.
The orc wizard hits you with a +0 dagger.
The orc hits you with a +0 short sword.
A worm comes into view.
Unknown command.
You bump into the rock wall.
You constrict the orc wizard. The orc wizard barely misses you.
The orc barely misses you.
Unknown command.
You tentacle-slap the orc.
The orc is lightly wounded.
You constrict the orc wizard.
The orc wizard hits you with a +0 dagger.
The orc closely misses you. The orc hits you with a +0 short sword.
Unknown command.
You release your grip on the orc wizard.
The orc attacks as you move away! The orc closely misses you.
The orc attacks as you move away! The orc hits you with a +0 short sword.
* * * LOW HITPOINT WARNING * * *
The orc wizard attacks as you move away!
The orc wizard hits you with a +0 dagger.
* * * LOW HITPOINT WARNING * * *
The orc closely misses you.
It was a potion of magic.
Magic courses through your body. The orc barely misses you.
The orc wizard barely misses you.
It was a potion of flight.
You feel very buoyant.
You fly up into the air.
The orc closely misses you.
It was a potion of brilliance.
You feel clever all of a sudden.
You feel less confused.
The orc wizard hits you with a +0 dagger.
* * * LOW HITPOINT WARNING * * *
The orc closely misses you.
It was a potion of curing.
You feel better.
The orc wizard points at you and mumbles some strange words.
The puff of flame hits you!
You die...

#...# #..#
#...###..#
#####........# #
........###..#
....##..#..# #..#
....##. #..####.##
.......##.........
...w...oo....#..##
.......#@.........
......o'o........>
####...#..........
#...#..........
#...#..........
###.+..........
#.#)........
..#######


You could see a worm, an orc wizard and 3 orcs.

Vanquished Creatures
  Ijyb (D:3)
  2 worms (D:2)
  A dart slug (D:3)
  2 orcs (D:3)
  6 ball pythons
  3 bats
  3 endoplasms
  A giant cockroach (D:2)
  6 goblins
  9 hobgoblins
  2 quokkas (D:2)
  2 frilled lizards (D:2)
  4 kobolds
  3 rats
45 creatures vanquished.

Vanquished Creatures (collateral kills)
  2 orcs (D:3)
  A ball python (D:2)
3 creatures vanquished.

Grand Total: 48 creatures vanquished

Notes
Turn   | Place    | Note
-------+----------+-------------------------------------------
     0 | D:1      | M4edhros the Octopode Monk began the quest for the Orb.
     0 | D:1      | Reached XP level 1. HP: 16/16 MP: 1/1
   141 | D:1      | Reached XP level 2. HP: 18/21 MP: 2/2
   566 | D:1      | Reached skill level 4 in Unarmed Combat
   805 | D:2      | Found Fiotieb's General Store.
   816 | D:2      | Reached XP level 3. HP: 26/26 MP: 3/3
   830 | D:2      | Bought a scroll of teleportation for 36 gold pieces
   841 | D:2      | Found a faded altar of an unknown god.
  1261 | D:3      | Noticed Ijyb
  1268 | D:3      | Paralysed by Ijyb for 5 turns
  1279 | D:3      | Paralysed by Ijyb for 2 turns
  1282 | D:3      | Killed Ijyb
  1283 | D:3      | Reached skill level 5 in Unarmed Combat
  1283 | D:3      | Reached XP level 4. HP: 11/31 MP: 4/4
  1484 | D:3      | HP: 1/31 [orc wizard/+0 dagger (4)]
  1485 | D:3      | Killed from afar by an orc wizard

Illustrated notes

Levels and vault maps discovered:
D:1:      dpeg_arrival_rhombus, layout_basic
D:2:      layout_rooms, serial_shops, shop, chequers_ecumenical_altar_island,
          corexii_item_surrounded_by_moat, minmay_pentomino_pile
D:3:      layout_basic, mainiacjoe_overflow_alcove_4, uniq_ijyb

Skill      XL: |  1  2  3 |
---------------+----------+-----
Unarmed Combat | 4 5 |  5.2
Fighting       | |  3.0
Dodging        | |  3.0
Stealth        | |  2.6

Action                     |  1- 3 |  4- 6 || total
---------------------------+-------+-------++-------
  Melee: Unarmed           |    82 |    15 ||    97
         Tentacles         |    20 |     3 ||    23
         Constrict         |    23 |     4 ||    27
         Punch             |     2 |       ||     2
    Use: Potion            |     1 |     4 ||     5
   Stab: Sleeping          |     5 |     1 ||     6
 Armour: Skin              |     2 |       ||     2
  Dodge: Dodged            |    51 |    17 ||    68

Table legend: (Time is in decaauts)
 A = Elapsed time spent in this place.
 B = Non-inter-level travel time spent in this place.
 C = Inter-level travel time spent in this place.
 D = Time resting spent in this place.
 E = Time spent auto-exploring this place.
 F = Levels seen in this place.
 G = Mean time per level.
                   A        B        C        D        E       F      G
               +--------+--------+--------+--------+--------+-----+--------+
         Total |   1477 |   1422 |     55 |      0 |   1116 |   3 |  492.3 |
       Dungeon |   1477 |   1422 |     55 |      0 |   1116 |   3 |  492.3 |
               +--------+--------+--------+--------+--------+-----+--------+

Top non-repeatable levels by time:
     D:1: 759 daAuts
     D:2: 496 daAuts
     D:3: 221 daAuts
